AoeStats
← Magnus1497

Four Lakes

509791618Analyzed
1v1 RM · 3d ago on Sep 28, 2026· 115m 22s· 2 players
Game mode
Random Map
Map size
Tiny (2 player)
Population
200
Speed
Normal
Resources
Standard
Victory
Conquest
Starting age
Dark Age
Ending age
Imperial Age
RankedLock teamsTeams togetherTeam positionsShared explorationLock speedFull tech treeHidden civsTurbo modeCheats
Victory
Defeat
🇨🇱 Lithuanians · Chile
449
+17
🇲🇽 Sicilians · Mexico
466
-17
dubi manco
13:34 Feudal Age
12:06 Loom
15:21 Wheelbarrow
14:49 Double-Bit Axe
14:57 Man-at-Arms
20:21 Castle Age
18:42 Scale Mail Armor
36:46 Bow Saw
37:40 Hand Cart
42:06 Imperial Age
41:05 Forging
43:19 Fishing Lines
43:05 Elite Leitis
46:17 Chain Mail Armor
46:07 Scale Barding Armor
49:13 Chain Barding Armor
52:11 Town Watch
53:13 Plate Barding Armor
53:14 Iron Casting
54:13 Conscription
55:02 Ballistics
56:22 Chemistry
55:37 Gillnets
57:15 Horse Collar
58:31 Elite Cannon Galleon
59:32 Heavy Plow
65:52 Onager
72:27 Bombard Tower
71:59 Heated Shot
71:52 Treadmill Crane
80:14 Long Swordsman
80:53 Two-Handed Swordsman
81:37 Champion
82:31 Squires
83:11 Arson
87:20 Pikeman
90:51 Halberdier
96:20 Two-Man Saw
Magnus1497
10:58 Feudal Age
23:24 Arson
25:38 Horse Collar
25:46 Double-Bit Axe
26:22 Fletching
28:21 Bloodlines
31:18 Gold Mining
31:18 Stone Mining
31:24 Stone Mining
32:16 Scale Barding Armor
32:23 Forging
44:56 Castle Age
44:57 Light Cavalry
45:41 Husbandry
45:49 Squires
45:10 Pikeman
46:55 Wheelbarrow
47:45 Gambesons
49:16 Bow Saw
49:14 Heavy Plow
51:11 Gold Shaft Mining
51:11 Stone Shaft Mining
51:18 Hand Cart
54:03 Crossbowman
54:04 Elite Skirmisher
58:24 Imperial Age
57:32 Ballistics
57:08 Murder Holes
57:30 Masonry
59:10 Iron Casting
58:31 Bodkin Arrow
58:36 Padded Archer Armor
58:37 Scale Mail Armor
58:58 Chain Barding Armor
59:57 Loom
60:53 Crop Rotation
60:33 Heavy Mounted Crossbowman
60:36 Cranequins
62:34 Blast Furnace
61:34 Bracer
61:50 Leather Archer Armor
61:27 Cavalier
63:20 Cranequins
65:36 Chemistry
64:22 Arrowslits
64:44 Siege Engineers
65:37 Halberdier
66:42 Town Watch
67:17 Chain Mail Armor
67:48 Hoardings
66:46 Sappers
68:03 First Crusade
70:06 Onager
70:09 Heavy Scorpion
76:43 Elite Serjeant
105:05 Man-at-Arms
106:38 Long Swordsman
108:17 Two-Handed Swordsman
Connection lost

Rejoining the realm…

Still unreachable

The connection could not be restored.

Session expired

The server has moved on; the page needs a fresh start.